 Dungeon Crawl Stone Soup version 0.21.1 (webtiles) character file.

20720 pk666 the Severer (level 12, -3/172 HPs)
             Began as a Minotaur Berserker on Feb 4, 2018.
             Was a High Priest of Trog.
             Slain by a yak (6 damage)
             ... on level 2 of the Lair of Beasts.
             The game lasted 00:31:05 (10365 turns).

pk666 the Severer (Minotaur Berserker)             Turns: 10365, Time: 00:31:08

Health: -3/172     AC: 21    Str: 30    XL:     12   Next: 47%
Magic:  3/3        EV:  9    Int:  4    God:    Trog [*****.]
Gold:   853        SH:  0    Dex: 12    Spells: 11/11 levels left

rFire    . . .     SeeInvis .   a - +8 battleaxe (antimagic)
rCold    + . .     Gourm    .   (shield currently unavailable)
rNeg     . . .     Faith    .   x - +0 plate armour {rC+}
rPois    .         Spirit   .   (helmet restricted)
rElec    .         Reflect  .   U - +0 cloak
rCorr    .         Harm     .   h - +1 pair of gloves
MR       .....                  W - +0 pair of boots (curse)
Stlth    ..........             i - amulet of regeneration
HPRegen  0.78/turn              (no ring)
MPRegen  0.08/turn              (no ring)

@: berserking, very quick
A: retaliatory headbutt, horns 2
a: Berserk, Trog's Hand, Brothers in Arms, Burn Spellbooks, Renounce Religion


You were on level 2 of the Lair of Beasts.
You worshipped Trog.
Trog was extremely pleased with you.
You were hungry.

You visited 3 branches of the dungeon, and saw 15 of its levels.

You collected 853 gold pieces.

Inventory:

Hand Weapons
 a - a +8 antimagic battleaxe (weapon)
 b - the +8 whip "Snakebite" {curare, rPois}
   (You found it on level 1 of the Lair of Beasts)

   It poisons the flesh of those it strikes.
   It protects you from poison.
 I - a +4 broad axe of venom
Missiles
 J - 2 poisoned javelins (quivered)
 P - 134 bolts
Armour
 h - a +1 pair of gloves (worn)
 x - a +0 plate armour of cold resistance (worn)
 U - a +0 cloak (worn)
 W - a cursed +0 pair of boots (worn)
Jewellery
 i - an amulet of regeneration (around neck)
 s - an uncursed amulet of magic regeneration
 G - the ring of Phasing {EV+8}
   (You found it on level 6 of the Dungeon)

   [ring of evasion]

   It affects your evasion (+8).
 X - a cursed amulet of inaccuracy {unknown}
 Y - an uncursed ring of stealth {unknown}
Wands
 q - a wand of enslavement (30)
 A - a wand of polymorph (2)
 D - a wand of disintegration (20)
 S - a wand of paralysis (11)
Scrolls
 d - 8 scrolls of teleportation {unknown}
 f - 6 scrolls of enchant armour {unknown}
 g - 8 scrolls of remove curse {unknown}
 k - 7 scrolls of magic mapping {unknown}
 n - 15 scrolls of identify {unknown}
 u - 6 scrolls of amnesia {unknown}
 w - 2 scrolls of enchant weapon {unknown}
 y - a scroll of random uselessness {unknown}
 C - 4 scrolls of fear {unknown}
 K - a scroll of immolation {unknown}
 M - a scroll of fog {unknown}
 R - 2 scrolls of blinking {unknown}
Potions
 e - a potion of degeneration {unknown}
 j - 2 potions of flight {unknown}
 l - 3 potions of haste {unknown}
 m - 5 potions of invisibility
 o - 3 potions of curing
 p - 3 potions of lignification {unknown}
 t - 5 potions of heal wounds {unknown}
 v - 3 potions of mutation {unknown}
 z - 2 potions of berserk rage {unknown}
 B - 3 potions of agility {unknown}
 E - 4 potions of cancellation {unknown}
 H - 9 potions of brilliance {unknown}
 N - a potion of ambrosia {unknown}
 Z - 4 potions of might {unknown}
Comestibles
 c - 27 rations
 r - 10 chunks of flesh


   Skills:
 + Level 13.2 Fighting
 * Level 16.6 Axes
 + Level 12.2 Armour
 - Level 2.1 Dodging


You had 11 spell levels left.
You didn't know any spells.

Dungeon Overview and Level Annotations

Branches:
Dungeon (12/15)            Temple (1/1) D:4            Lair (2/6) D:11
  Swamp: Lair:2-4    Shoals: Lair:2-4     Snake: Lair:2-4    Spider: Lair:2-4
    Orc: D:9-12

Altars:
Dithmenos
Hepliaklqana
Kikubaaqudgha
Makhleb
Nemelex Xobeh
Ru
Sif Muna
Trog
Uskayaw
Vehumet
Xom


Innate Abilities, Weirdness & Mutations

You reflexively headbutt those who attack you in melee.
You have a pair of horns on your head.


Message History

Trog accepts your kill.
You barely miss the blink frog.
The blink frog falters for a moment.
You completely miss the blink frog. You headbutt the blink frog.
The blink frog is severely wounded.
The blink frog hits you.
* * * LOW HITPOINT WARNING * * *
The blink frog blinks!
A red film seems to cover your vision as you go berserk!
You feel yourself moving faster!
You feel mighty!
You are feeling hungry.
The yak gores you!
* * * LOW HITPOINT WARNING * * *
The blink frog closely misses you.
You slash the yak!
The yak is moderately wounded.
You slash the blink frog!
The blink frog's magic leaks into the air.
The blink frog hits you but does no damage.
The yak gores you.
You die...

#.. ##### #.. . ###
###P..####. ..
#.#####......##.) ...
##.⌠..#.........#P ..[.
#.....##.......... ⌠.<.⌠
+=.>.⌠##P#........
.....F#†F...#####.......
......Y@.⌠.### ####...#
..⌠..#†##..#.######..#.#
... ##........##...####
. #............#.#
#..............##
#...............#
##..............#
#....>F........#
....!...........#


You could see a yak and 2 blink frogs.

Vanquished Creatures
  Harold (D:11)
  A hydra (Lair:2)
  Erica (D:11)
  A two-headed ogre (D:10)
  A manticore (D:11)
  An ugly thing (D:11)
  A cyclops (D:12)
  Maurice (D:8)
  3 black mambas
  Psyche (D:11)
  2 spiny frogs (Lair:1)
  2 gargoyles (D:11)
  A rime drake (Lair:2)
  A komodo dragon (Lair:2)
  A hornet (D:9)
  A hippogriff (D:11)
  8 redbacks (D:12)
  A wyvern (Lair:2)
  2 hungry ghosts
  2 basilisks
  17 yaks
  10 water moccasins
  3 porcupines
  7 orc warriors
  2 black bears
  3 ice beasts
  A sky beast (D:7)
  3 phantoms
  9 ogres
  5 wolves (Lair:2)
  2 centaurs
  3 crocodiles
  2 big kobolds
  13 bullfrogs
  7 scorpions
  3 killer bees (D:10)
  11 wights
  5 howler monkeys
  3 crimson imps
  A centaur zombie (D:10)
  A quasit (D:9)
  4 hounds
  7 jellies
  A bullfrog skeleton (D:11)
  4 bullfrog zombies
  5 orc priests
  2 gnoll shamans
  6 orc wizards
  A centaur skeleton (D:8)
  2 iguanas
  15 worker ants
  A killer bee zombie (D:8)
  2 hound skeletons
  A howler monkey zombie (D:8)
  A worker ant zombie (D:11)
  Robin (D:4)
  9 gnolls
  A howler monkey skeleton (D:11)
  18 adders
  3 shadow imps
  11 oozes
  3 adder skeletons
  An adder zombie (D:6)
  2 worms
  A dart slug (D:5)
  9 leopard geckos
  26 orcs
  2 giant cockroaches
  19 goblins
  7 hobgoblins
  17 jackals
  7 quokkas
  A ball python skeleton (D:6)
  6 bats
  9 frilled lizards
  27 kobolds
  A leopard gecko zombie (D:8)
  A quokka zombie (D:7)
  9 rats
  2 fungi (D:11)
  4 plants (D:11)
393 creatures vanquished.

Vanquished Creatures (collateral kills)
  A hydra (Lair:1)
1 creature vanquished.

Vanquished Creatures (others)
  20 fungi
  9 plants (D:11)
  4 toadstools (D:2)
33 creatures vanquished.

Grand Total: 427 creatures vanquished

Notes
Turn   | Place    | Note
-------+----------+-------------------------------------------
     0 | D:1      | pk666 the Minotaur Berserker began the quest for the Orb.
     0 | D:1      | Reached XP level 1. HP: 19/19 MP: 0/0
   281 | D:1      | Reached skill level 4 in Axes
   308 | D:1      | Reached XP level 2. HP: 27/27 MP: 1/1
   701 | D:2      | Reached XP level 3. HP: 33/34 MP: 2/2
   732 | D:2      | Reached ** piety under Trog
   774 | D:2      | Reached skill level 5 in Axes
   774 | D:2      | Reached XP level 4. HP: 35/41 MP: 3/3
   776 | D:2      | Reached skill level 5 in Fighting
  1101 | D:2      | Found a bloodstained altar of Trog.
  1173 | D:2      | Found a sacrificial altar of Ru.
  1363 | D:2      | Found an ancient bone altar of Kikubaaqudgha.
  1390 | D:2      | Reached *** piety under Trog
  1452 | D:2      | Reached XP level 5. HP: 30/50 MP: 4/4
  1477 | D:2      | Reached skill level 6 in Axes
  1781 | D:3      | Reached XP level 6. HP: 56/57 MP: 5/5
  2281 | D:4      | Noticed Robin
  2291 | D:4      | Killed Robin
  2518 | D:3      | Reached skill level 7 in Axes
  2518 | D:3      | Reached XP level 7. HP: 34/66 MP: 6/6
  2640 | D:4      | Reached **** piety under Trog
  3191 | D:4      | Found a staircase to the Ecumenical Temple.
  3212 | Temple   | Entered the Ecumenical Temple
  3248 | D:5      | Entered Level 5 of the Dungeon
  3323 | D:5      | Found a sparkling altar of Nemelex Xobeh.
  3381 | D:5      | Reached skill level 5 in Armour
  3528 | D:5      | Found a burning altar of Makhleb.
  3597 | D:5      | Reached skill level 8 in Axes
  3693 | D:5      | Reached XP level 8. HP: 57/74 MP: 7/7
  4214 | D:6      | Reached skill level 9 in Axes
  4351 | D:6      | Found a hazy altar of Hepliaklqana.
  4413 | D:6      | Found a hide-covered altar of Uskayaw.
  4413 | D:6      | Found a shimmering altar of Xom.
  4667 | D:6      | Found the ring of Phasing {EV+8}
  4734 | D:6      | Reached skill level 10 in Axes
  4929 | D:7      | Reached XP level 9. HP: 75/83 MP: 8/8
  5009 | D:7      | Reached ***** piety under Trog
  5192 | D:7      | Reached skill level 11 in Axes
  5382 | D:7      | Found a bloodstained altar of Trog.
  5541 | D:8      | Found a shadowy altar of Dithmenos.
  5562 | D:8      | Found a sparkling altar of Nemelex Xobeh.
  5562 | D:8      | Found a radiant altar of Vehumet.
  5899 | D:8      | Reached skill level 10 in Fighting
  6012 | D:8      | Noticed Maurice
  6145 | D:8      | Killed Maurice
  6145 | D:8      | Reached skill level 12 in Axes
  6252 | D:9      | Reached XP level 10. HP: 91/93 MP: 9/9
  6268 | D:9      | Received a gift from Trog
  6293 | D:9      | Paralysed by a hornet for 1 turns
  6310 | D:9      | Found a deep blue altar of Sif Muna.
  6810 | D:9      | Received a gift from Trog
  7027 | D:10     | Entered Level 10 of the Dungeon
  7455 | D:10     | Reached skill level 13 in Axes
  7517 | D:10     | Noticed a two-headed ogre
  7522 | D:10     | Killed a two-headed ogre
  7784 | D:10     | Reached skill level 10 in Armour
  7836 | D:10     | Reached XP level 11. HP: 83/102 MP: 3/10
  7942 | D:10     | Found a deep blue altar of Sif Muna.
  8058 | D:11     | Reached skill level 14 in Axes
  8070 | D:11     | Noticed Erica
  8071 | D:11     | Noticed Harold
  8088 | D:11     | Killed Erica
  8092 | D:11     | Killed Harold
  8204 | D:11     | Found a staircase to the Lair.
  8209 | D:11     | Noticed Psyche
  8217 | D:11     | Killed Psyche
  8436 | D:11     | Noticed a purple ugly thing
  8445 | D:11     | Killed a purple ugly thing
  8445 | D:11     | Reached skill level 15 in Axes
  8948 | D:12     | Received a gift from Trog
  9122 | D:12     | Noticed a soul eater
  9194 | Lair:1   | Entered Level 1 of the Lair of Beasts
  9404 | Lair:1   | Noticed an eight-headed hydra
  9427 | Lair:1   | Killed an 11-headed hydra
  9602 | Lair:1   | Reached XP level 12. HP: 105/113 MP: 3/11
  9979 | Lair:1   | Reached skill level 16 in Axes
 10017 | Lair:1   | Found the +8 whip "Snakebite" {curare, rPois}
 10284 | Lair:2   | Noticed a four-headed hydra
 10289 | Lair:2   | Killed a seven-headed hydra
 10364 | Lair:2   | HP: 3/172 [yak (10)]
 10365 | Lair:2   | Slain by a yak

Skill      XL: |  1  2  3  4  5  6  7  8  9 10 11 12 |
---------------+-------------------------------------+-----
Fighting       | 4 5 6 7 9 10 11 12 13 | 13.2
Axes           | 4 5 6 7 8 10 12 13 15 16 | 16.6
Armour         | 4 5 6 8 10 11 12 | 12.2
Dodging        | |  2.1

Action                   |  1- 3 |  4- 6 |  7- 9 | 10-12 || total
-------------------------+-------+-------+-------+-------++-------
Melee: Hand axe          |    68 |   179 |     4 |       ||   251
       Headbutt          |    10 |    33 |    54 |    77 ||   174
       War axe           |       |       |   372 |    70 ||   442
       Battleaxe         |       |       |       |   286 ||   286
       Whip              |       |       |       |     4 ||     4
Invok: Berserk           |       |     1 |     1 |     4 ||     6
       Brothers in Arms  |       |       |       |     3 ||     3
       Burn Spellbooks   |       |       |       |     1 ||     1
  Use: Potion            |       |       |       |     2 ||     2
  Eat: Chunk             |       |     6 |    16 |    20 ||    42
Armor: Animal skin       |     1 |       |       |       ||     1
       Ring mail         |    18 |    49 |    34 |       ||   101
       Chain mail        |       |       |   117 |    33 ||   150
       Skin              |       |       |     2 |       ||     2
       Plate armour      |       |       |       |   173 ||   173
Dodge: Dodged            |    30 |   102 |   178 |   150 ||   460
